AoeStats
← IkeyTiger

Arabian Desert

510324899Analyzed
1v1 RM · 18h ago on Sep 30, 2026· 53m 55s· 2 players
Game mode
Random Map
Map size
Tiny (2 player)
Population
200
Speed
Normal
Resources
Standard
Victory
Conquest
Starting age
Dark Age
Ending age
Imperial Age
RankedLock teamsTeams togetherTeam positionsShared explorationLock speedFull tech treeHidden civsTurbo modeCheats
Victory
Defeat
🇺🇸 Chinese · United States
972
+14
🇬🇧 Japanese · United Kingdom
937
-14
Wabisabi
1:57 Loom
10:26 Feudal Age
10:52 Double-Bit Axe
10:47 Horse Collar
14:54 Scale Mail Armor
15:32 Man-at-Arms
17:34 Forging
17:25 Arson
19:43 Padded Archer Armor
19:34 Fletching
23:24 Castle Age
23:44 Gold Mining
23:46 Stone Mining
23:24 Long Swordsman
24:42 Iron Casting
24:23 Chain Mail Armor
24:27 Leather Archer Armor
26:56 Gambesons
28:28 Bodkin Arrow
30:18 Elite Skirmisher
32:09 Pikeman
32:50 Squires
33:33 Bow Saw
33:32 Heavy Plow
39:06 Wheelbarrow
40:03 Hand Cart
40:33 Ballistics
44:34 Imperial Age
44:03 Gold Shaft Mining
43:52 Murder Holes
45:24 Scale Barding Armor
44:52 Halberdier
46:39 Conscription
46:34 Thumb Ring
47:34 Plate Mail Armor
47:37 Ring Archer Armor
47:42 Iron Casting
47:57 Kataparuto
48:41 Two-Man Saw
48:29 Bracer
48:55 Town Watch
52:33 Elite Samurai
IkeyTiger
0:39 Loom
9:35 Feudal Age
16:14 Castle Age
15:03 Horse Collar
20:43 Wheelbarrow
19:55 Double-Bit Axe
21:42 Crossbowman
23:13 Fletching
24:42 Bodkin Arrow
30:24 Heavy Plow
30:57 Forging
32:36 Hand Cart
41:17 Imperial Age
39:55 Ballistics
41:18 Bloodlines
41:09 Husbandry
42:42 Capped Ram
44:06 Scale Mail Armor
43:42 Elite Fire Lancer
44:10 Arson
45:19 Iron Casting
44:39 Man-at-Arms
46:18 Chain Mail Armor
47:04 Blast Furnace
46:13 Siege Ram
47:44 Plate Mail Armor
47:30 Squires
Connection lost

Rejoining the realm…

Still unreachable

The connection could not be restored.

Session expired

The server has moved on; the page needs a fresh start.